 Dungeon Crawl Stone Soup version 0.31-a0-844-gdc52ec4e09 (webtiles) character file.

Game seed: 6945486007400749054

702 BinkBink the Magician (level 7, -1/46 HPs)
             Began as a Mummy Necromancer on Sept 30, 2023.
             Slain by a phantom (7 damage)
             ... on level 5 of the Dungeon.
             The game lasted 00:12:21 (4324 turns).

BinkBink the Magician (Mummy Necromancer)           Turns: 4324, Time: 00:12:22

Health: -1/46      AC:  4    Str: 11    XL:     7   Next: 38%
Magic:  17/17      EV: 12    Int: 17    God:
Gold:   142        SH:  0    Dex: 12    Spells: 16/20 levels left

rFire   x . .        k - staff of conjuration
rCold   + . .        (no shield)
rNeg    + + +        a - +0 robe
rPois   ∞            l - +0 helmet
rElec   .            (no cloak)
rCorr   .            h - +0 pair of gloves
SInv    .            (no boots)
Will    .....        (no amulet)
Stlth   ++           (no ring)
HPRegen 0.27/turn    (no ring)
MPRegen 0.15/turn

%: faith
@: no status effects
A: cold resistance 1, negative energy resistance 3, torment resistance 2, heat
vulnerability 1, in touch with death 1, no potions, faith
a: no special abilities


You were on level 5 of the Dungeon.
You visited 1 branch of the dungeon, and saw 5 of its levels.

You collected 142 gold pieces.

Inventory:

Hand Weapons
 g - a +1 dagger of freezing
Missiles
 j - 2 throwing nets
Armour
 a - a +0 robe (worn)
 h - a +0 pair of gloves (worn)
 l - a +0 helmet (worn)
Magical Staves
 k - a staff of conjuration (weapon)
Wands
 m - a wand of roots (12)
Scrolls
 b - 4 scrolls of amnesia
 c - a scroll of immolation
 d - a scroll of vulnerability
 e - a scroll of revelation
 f - 3 scrolls of noise
 i - a scroll of identify


   Skills:
 - Level 1.5 Dodging
 - Level 1.5 Stealth
 + Level 7.4 Spellcasting
 + Level 7.0 Necromancy


You had 16 spell levels left.
You knew the following spells:

 Your Spells              Type           Power      Damage    Failure   Level
a - Necrotise             Necr           100%       1d9       1%          1
b - Vampiric Draining     Necr           45%        2d9       1%          3

Your spell library contained the following spells:

 Spells                   Type           Power      Damage    Failure   Level
 Animate Dead             Necr           45%        N/A       6%          4
 Blink                    Tloc           12%        N/A       17%         2
 Lesser Beckoning         Tloc           12%        N/A       17%         2
 Momentum Strike          Conj/Tloc      18%        3d8       17%         2
 Agony                    Necr           45%        N/A       17%         5


Dungeon Overview and Level Annotations

Branches:
Dungeon (5/15)
 Temple: D:4-7

Altars:

Shops:
D:3 (


Innate Abilities, Weirdness & Mutations

You are immune to poison.
Your flesh is cold resistant. (rC+)
You are immune to negative energy. (rN+++)
You are immune to unholy pain and torment.
You are vulnerable to heat. (rF-)
You are in touch with the powers of death.
You do not drink.
You have a special connection with the divine. (Faith)


Message History

The phantom barely misses you.
You closely miss the phantom.
The phantom is almost destroyed.
The phantom barely misses you.
You miss the phantom.
The phantom is almost destroyed.
The phantom hits you. The phantom closely misses you.
You hit the phantom but do no damage.
The phantom is almost destroyed.
The phantom hits you but does no damage.
You closely miss the phantom.
The phantom is almost destroyed.
The phantom hits you.
* * * LOW HITPOINT WARNING * * *
The phantom blinks!
You blink.
You miss the phantom.
The phantom is almost destroyed.
The phantom hits you.
* * * LOW HITPOINT WARNING * * *
The phantom blinks!
You blink.
You barely miss the phantom.
The phantom is almost destroyed.
The phantom closely misses you.
You closely miss the phantom.
The phantom is almost destroyed.
The phantom hits you but does no damage.
The phantom closely misses you.
You hit the phantom.
The phantom is almost destroyed.
The phantom barely misses you.
You hit the phantom but do no damage.
The phantom is almost destroyed.
The phantom hits you.
* * * LOW HITPOINT WARNING * * *
You can't drink.
Casting: Necrotise (safe; 1% risk of failure)
Confirm with . or Enter, or press ? or * to list all spells.
You can't see any susceptible monsters within range! (Use Z to cast anyway.)
The phantom attacks as it pursues you! The phantom hits you!
You die...

# ## ... ##.## #.....# #.
#. ##.# #.###### #.###. ..#
#......####.# #:....##
#.###..@W.......#
#.......##......###.######
#........#......###.#
....#..##..................
#.#.#..##.#.###.....######.
#....)......###...###
#.##..<##..........
#.##.).......##.#.#
#..........####.#


You could see a phantom.

Vanquished Creatures
  Eustachio (D:4)
  A black bear (D:4)
  Blork the orc (D:4)
  A scorpion (D:4)
  2 howler monkeys (D:4)
  An iguana (D:4)
  Natasha (twice) (D:2)
  An orc wizard (D:3)
  4 adders
  A worm (D:2)
  2 dart slugs
  14 orcs
  7 ball pythons
  9 bats
  9 endoplasms
  3 giant cockroaches
  7 goblins
  7 hobgoblins
  4 jackals (D:3)
  6 kobolds
  3 quokkas
  A frilled lizard (D:1)
  11 rats
98 creatures vanquished.

Vanquished Creatures (collateral kills)
  An orc (D:3)
  A goblin (D:1)
  A bat (D:2)
3 creatures vanquished.

Grand Total: 101 creatures vanquished

Notes
Turn   | Place    | Note
-------+----------+-------------------------------------------
     0 | D:1      | BinkBink the Mummy Necromancer began the quest for the Orb.
     0 | D:1      | Reached XP level 1. HP: 13/13 MP: 4/4
   256 | D:1      | Reached XP level 2. HP: 19/19 MP: 4/6
   885 | D:2      | Reached XP level 3. HP: 24/24 MP: 0/8
  1058 | D:2      | Noticed Natasha
  1060 | D:2      | Killed Natasha
  1144 | D:2      | Reached XP level 4. HP: 30/30 MP: 8/10
  1304 | D:2      | Found a faded altar of an unknown god.
  1633 | D:2      | Noticed Natasha
  1637 | D:2      | Killed Natasha
  1638 | D:2      | Reached skill level 5 in Necromancy
  1740 | D:3      | Reached XP level 5. HP: 35/35 MP: 1/12
  1810 | D:3      | Reached skill level 5 in Spellcasting
  2015 | D:3      | Found Feats's Weapon Boutique.
  3007 | D:4      | Noticed Blork the orc
  3151 | D:4      | Killed Blork the orc
  3152 | D:4      | Reached XP level 6. HP: 36/41 MP: 3/14
  3675 | D:4      | Noticed Eustachio
  3705 | D:4      | Killed Eustachio
  3706 | D:4      | Reached XP level 7. HP: 34/46 MP: 2/17
  4053 | D:4      | Learned a level 3 spell: Vampiric Draining
  4078 | D:5      | Entered Level 5 of the Dungeon
  4324 | D:5      | Slain by a phantom

Illustrated notes

Levels and vault maps discovered:
D:1:      evilmike_arrival_crescent, layout_basic, serial_glass,
          glass_columns_a, glass_columns_b, glass_columns_a, glass_columns_b,
          glass_columns_c, glass_columns_a, glass_columns_a, glass_columns_a
D:2:      layout_loops_cross, hellmonk_ecumenical_altar_leap_of_faith,
          minmay_rat_gold_closets, uniq_natasha
D:3:      layout_basic, serial_shops, nicolae_shop_pleasant_corner_grove
D:4:      layout_basic, uniq_eustachio, uniq_blork_the_orc
D:5:      layout_loops_ring, chequers_serial_rivers_small_b

Skill      XL: |  1  2  3  4  5  6  7 |
---------------+----------------------+-----
Spellcasting   | 3 4 5 6 7 |  7.4
Necromancy     | 5 6 7 |  7.0
Dodging        | |  1.5
Stealth        | |  1.5

Action                     |  1- 3 |  4- 6 |  7- 9 || total
---------------------------+-------+-------+-------++-------
  Melee: Unarmed           |     2 |       |       ||     2
         Dagger            |       |    42 |       ||    42
         Punch             |       |     1 |       ||     1
         Staff             |       |       |    32 ||    32
   Cast: Necrotise         |    44 |   115 |    26 ||   185
    Use: Scroll            |       |     5 |       ||     5
   Stab: Sleeping          |       |     4 |       ||     4
 Armour: Robe              |    11 |    33 |    52 ||    96
  Dodge: Dodged            |     9 |    40 |    31 ||    80

Table legend: (Time is in decaauts)
 A = Elapsed time spent in this place.
 B = Non-inter-level travel time spent in this place.
 C = Inter-level travel time spent in this place.
 D = Time resting spent in this place.
 E = Time spent auto-exploring this place.
 F = Levels seen in this place.
 G = Mean time per level.
                   A        B        C        D        E       F      G
               +--------+--------+--------+--------+--------+-----+--------+
         Total |   4330 |   4205 |    125 |    118 |   3400 |   5 |  866.0 |
       Dungeon |   4330 |   4205 |    125 |    118 |   3400 |   5 |  866.0 |
               +--------+--------+--------+--------+--------+-----+--------+

Top non-repeatable levels by time:
     D:4: 1324 daAuts
     D:3: 1243 daAuts
     D:2: 949 daAuts
     D:1: 751 daAuts
     D:5: 62 daAuts
